 Dungeon Crawl Stone Soup version 0.18.1-6-gd335043 (webtiles) character file.

35633 kae the Severer (level 13, -3/123 HPs)
             Began as a Deep Dwarf Fighter on May 15, 2016.
             Was the Champion of Makhleb.
             Slain by a freezing wraith (11 damage)
             ... led by a death knight
             ... on level 14 of the Dungeon.
             The game lasted 00:35:50 (12715 turns).

kae the Severer (Deep Dwarf Fighter)               Turns: 12715, Time: 00:35:51

Health: -3/123     AC: 16    Str: 25    XL:     13   Next: 48%
Magic:  13/13      EV: 14    Int:  9    God:    Makhleb [******]
Gold:   741        SH:  0    Dex: 12    Spells: 0 memorised, 12 levels left

rFire  . . .     SeeInvis .     r - +2 battleaxe (venom)
rCold  . . .     Gourm    .     b - +0 scale mail
rNeg   . . .     Faith    .     (shield currently unavailable)
rPois  .         Spirit   .     q - +1 helmet
rElec  .         Dismiss  .     (no cloak)
rCorr  .         Reflect  .     d - +2 pair of gloves
SustAt .         Harm     .     o - +0 pair of boots
MR     +....                    (no amulet)
Stlth  ..........               (no ring)
                                B - +1 ring of protection

@: about to teleport, very slightly contaminated, non-regenerating, slowed, very
slow, somewhat resistant to hostile enchantments, extremely unstealthy
A: damage resistance, recharge devices, sense surroundings 2, slow regeneration
3
a: Device Recharging, Minor Destruction, Lesser Servant of Makhleb, Major
Destruction, Greater Servant of Makhleb, Renounce Religion


You were on level 14 of the Dungeon.
You worshipped Makhleb.
Makhleb was exalted by your worship.
You were not hungry.

You visited 2 branches of the dungeon, and saw 15 of its levels.

You collected 863 gold pieces.
You spent 122 gold pieces at shops.

Inventory:

Hand Weapons
 a - a +0 war axe
 r - a +2 battleaxe of venom (weapon)
 C - a +6 battleaxe
Armour
 b - a +0 scale mail (worn)
 c - a +0 shield
 d - a +2 pair of gloves (worn)
 o - a +0 pair of boots (worn)
 q - a +1 helmet (worn)
Jewellery
 B - a +1 ring of protection (left hand)
Wands
 e - a wand of heal wounds (0/9)
 n - a wand of polymorph (0/24)
 p - a wand of hasting (1/9)
 v - a wand of random effects (11/48)
 w - a wand of iceblast (1/15)
 A - a wand of slowing (0/48)
 J - a wand of polymorph (5/24)
Scrolls
 h - 3 scrolls of remove curse
 l - 7 scrolls of amnesia
 E - a scroll of magic mapping
 I - 2 scrolls of teleportation
Potions
 g - 4 potions of curing
 k - a potion of cure mutation
 m - a potion of haste {unknown}
 t - 2 potions of lignification
 u - 3 potions of brilliance
 G - a potion of heal wounds
 H - a potion of resistance
 L - a potion of beneficial mutation {unknown}
Books
 F - a book of Clouds

   Spells                             Type                      Level
   a - Mephitic Cloud                 Conjuration/Poison/Air       3
   b - Conjure Flame                  Conjuration/Fire             3
   c - Poisonous Cloud                Conjuration/Poison/Air       6
   d - Freezing Cloud                 Conjuration/Ice/Air          6
   e - Ring of Flames                 Charms/Fire                  7
 K - a book of Frost

   Spells                             Type                      Level
   a - Freeze                         Ice                          1
   b - Throw Frost                    Conjuration/Ice              2
   c - Ozocubu's Armour               Charms/Ice                   3
   d - Throw Icicle                   Conjuration/Ice              4
   e - Summon Ice Beast               Ice/Summoning                4
Comestibles
 f - 6 bread rations
 i - 4 slices of pizza
 j - 5 meat rations
 s - 11 fruits
 x - 17 royal jellies
 z - 4 beef jerkies
 M - 4 chunks of flesh


   Skills:
 * Level 9.8 Fighting
 - Level 16.0 Axes
 + Level 8.9 Armour
 + Level 7.8 Dodging
 - Level 3.2 Shields
 - Level 13.2 Invocations


You had 12 spell levels left.
You didn't know any spells.

Dungeon Overview and Level Annotations

Branches:
Dungeon (14/15)            Temple (1/1) D:6            Lair (0/8) D:9
    Orc (0/2) D:11
 Vaults: D:13-14

Altars:
Ashenzari
Cheibriados
Dithmenos
Elyvilon
Fedhas
Gozag
Kikubaaqudgha
Makhleb
Nemelex Xobeh
Okawaru
Pakellas
Qazlal
Ru
Sif Muna
Trog
Vehumet
Xom
Yredelemnul
Zin
The Shining One

Shops:
D:7 ?   D:11 *

Annotations:
D:13 exclusion: ice statue


Innate Abilities, Weirdness & Mutations

You are resistant to damage.
You can recharge devices by infusing magical energy.
You passively map the area around you.
You do not regenerate naturally.


Message History

The freezing wraith is unaffected. x2
The freezing wraith hits you but does no damage.
The freezing wraith closely misses you. The freezing wraith misses you.
The freezing wraith closely misses you.
Unknown command.
Unknown command.
Read which item? (? for menu, Esc to quit)
Blink to where?
Press: ? - help, Dir - move target cursor You are very lightly contaminated with residual magic.
As you read the scroll of blinking, it crumbles to dust.
Things that are here:
a giant club x2
Read which item? (? for menu, Esc to quit)
As you read the scroll of teleportation, it crumbles to dust.
You feel strangely unstable. The freezing wraith hits you!
* * * LOW HITPOINT WARNING * * *
The freezing wraith freezes you!
You die...

, .......(..# * , , ,
, .#######†.# * * , ,
##...##..# * , *,* ,*
, ,, ,.......WW# , ,
* *###..##.## * , ,
#.. *#W# , , * ,#.. *
#)# * , , .. *
#W################# ,
.
#..W@.............###
*
#################....
##### * *


You could see 2 freezing wraiths.

Vanquished Creatures
  Rupert (D:13)
  A death knight (D:14)
  The ghost of Bubs the Shield-Bearer, a novice FoFi of Qazlal (D:7)
  5 unseen horrors
  7 hill giants
  A harpy (shapeshifter) (D:13)
  2 ugly things
  2 manticores
  5 cyclopes
  2 centaur zombies
  2 centaur skeletons (D:12)
  2 gargoyles
  A redback zombie (D:13)
  7 kobold demonologists
  A polar bear (D:8)
  A troll (D:13)
  15 slime creatures
  A queen bee (D:12)
  7 two-headed ogres
  A shadow (D:13)
  3 wyverns
  2 wraiths
  A vampire (D:12)
  11 yaks
  2 hungry ghosts
  2 hippogriffs
  3 vampire mosquitoes (D:12)
  2 soldier ants (D:8)
  2 hell hounds (D:9)
  5 orc warriors
  2 ice beasts
  2 sky beasts
  3 phantoms
  2 wasps (D:8)
  An eye of draining (D:12)
  2 necrophages (D:12)
  9 ogres
  3 wolves (D:8)
  8 centaurs
  7 big kobolds
  12 giant frogs
  A wyvern skeleton (D:11)
  5 scorpions
  30 killer bees
  11 wights
  An electric eel (D:8)
  2 howler monkeys
  8 crimson imps
  5 jellies
  8 hounds
  7 orc priests
  A water moccasin simulacrum (D:8)
  2 giant frog skeletons
  11 orc wizards
  Natasha (twice) (D:4)
  9 worker ants
  2 centaur simulacra (D:8)
  A giant frog simulacrum (D:8)
  3 hound skeletons
  A worker ant zombie (D:10)
  2 howler monkey zombies
  16 adders
  3 gnolls (D:9)
  A howler monkey skeleton (D:8)
  6 shadow imps
  4 white imps (D:8)
  2 ufetubi (D:8)
  An ooze (D:5)
  An adder zombie (D:7)
  2 adder skeletons
  3 worms
  6 giant geckos
  47 orcs
  6 giant cockroaches
  7 goblins
  3 hobgoblins
  22 jackals
  33 kobolds
  5 quokkas
  A ball python (D:3)
  9 bats
  4 giant newts
  A jackal zombie (D:8)
  2 quokka skeletons
  A quokka zombie (D:5)
  14 rats
461 creatures vanquished.

Vanquished Creatures (collateral kills)
  Fannar (D:10)
  A hydra (D:12)
  Nergalle (D:10)
  A giant frog (D:10)
  A worker ant (D:12)
  A giant gecko (D:10)
  A jackal (D:10)
7 creatures vanquished.

Vanquished Creatures (others)
  A phantasmal warrior (D:14)
1 creature vanquished.

Grand Total: 469 creatures vanquished

Notes
Turn   | Place    | Note
--------------------------------------------------------------
     0 | D:1      | kae the Deep Dwarf Fighter began the quest for the Orb.
     0 | D:1      | Reached XP level 1. HP: 20/20 MP: 1/1
   273 | D:1      | Reached skill level 3 in Axes
   274 | D:1      | Reached XP level 2. HP: 27/27 MP: 2/2
   748 | D:2      | Reached XP level 3. HP: 18/33 MP: 3/3
   755 | D:2      | You fall through a shaft for 2 floors!
   791 | D:3      | Reached skill level 4 in Axes
  1564 | D:2      | Reached XP level 4. HP: 33/40 MP: 4/4
  1803 | D:3      | Found a blossoming altar of Fedhas.
  1845 | D:3      | Reached skill level 5 in Axes
  2103 | D:3      | Found a glowing golden altar of the Shining One.
  2103 | D:3      | Found a glowing silver altar of Zin.
  2138 | D:3      | Reached XP level 5. HP: 21/46 MP: 5/5
  2440 | D:4      | Found a sparkling altar of Nemelex Xobeh.
  2460 | D:4      | Reached skill level 6 in Axes
  2782 | D:4      | Noticed Natasha
  2790 | D:4      | Killed Natasha
  2790 | D:4      | Reached skill level 7 in Axes
  2790 | D:4      | Reached XP level 6. HP: 35/55 MP: 6/6
  2925 | D:4      | Noticed Natasha
  2930 | D:4      | Killed Natasha
  3224 | D:5      | Entered Level 5 of the Dungeon
  3257 | D:5      | Found a shadowy altar of Dithmenos.
  3303 | D:5      | Reached skill level 8 in Axes
  3454 | D:5      | Reached XP level 7. HP: 45/61 MP: 6/6
  3560 | D:5      | Reached skill level 9 in Axes
  3623 | D:5      | Noticed a two-headed ogre
  3626 | D:5      | Killed a two-headed ogre
  3668 | D:5      | Reached skill level 10 in Axes
  3773 | D:5      | Reached XP level 8. HP: 43/68 MP: 7/7
  4008 | D:6      | Reached skill level 11 in Axes
  4027 | D:6      | Found a shattered altar of Ashenzari.
  4202 | D:6      | Found a staircase to the Ecumenical Temple.
  4215 | Temple   | Entered the Ecumenical Temple
  4308 | Temple   | Became a worshipper of Makhleb the Destroyer
  4672 | D:7      | Reached * piety under Makhleb
  4702 | D:7      | Reached skill level 12 in Axes
  4754 | D:7      | Noticed a hill giant
  4966 | D:7      | Killed a hill giant
  4966 | D:7      | Reached skill level 13 in Axes
  4966 | D:7      | Gained mutation: You passively map the area around you. [Deep Dwarf growth]
  4966 | D:7      | Reached XP level 9. HP: 35/74 MP: 7/7
  5091 | D:7      | Found Zeim's Magic Scroll Boutique.
  5096 | D:7      | Found a snail-covered altar of Cheibriados.
  5620 | D:7      | Bought a scroll of identify for 28 gold pieces
  5620 | D:7      | Bought a scroll of identify for 28 gold pieces
  5623 | D:7      | Noticed Bubs's ghost (novice FoFi)
  5645 | D:7      | Killed Bubs's ghost
  5645 | D:7      | Reached skill level 14 in Axes
  5918 | D:8      | Reached ** piety under Makhleb
  6112 | D:8      | Reached skill level 15 in Axes
  6112 | D:8      | Reached XP level 10. HP: 45/81 MP: 8/8
  6554 | D:8      | Reached *** piety under Makhleb
  6937 | D:8      | Reached skill level 16 in Axes
  7132 | D:8      | Found a radiant altar of Vehumet.
  7159 | D:8      | Reached skill level 1 in Invocations
  7437 | D:9      | Reached **** piety under Makhleb
  7437 | D:9      | Reached skill level 5 in Invocations
  7443 | D:9      | Found a staircase to the Lair.
  7685 | D:9      | Noticed a moth of wrath
  7688 | D:9      | Found a bloodstained altar of Trog.
  8358 | D:10     | Entered Level 10 of the Dungeon
  8372 | D:10     | Reached ***** piety under Makhleb
  8451 | D:10     | Noticed Nergalle
  8488 | D:10     | Killed Nergalle
  8488 | D:10     | Reached XP level 11. HP: 61/88 MP: 15/15
  8594 | D:10     | Noticed Fannar
  8611 | D:10     | Killed Fannar
  8648 | D:10     | Reached skill level 10 in Invocations
  8719 | D:10     | Noticed a hill giant
  8727 | D:10     | Killed a hill giant
  9477 | D:10     | Killed an unseen horror
  9841 | D:11     | Killed an unseen horror
  9847 | D:11     | Found a staircase to the Orcish Mines.
  9889 | D:11     | Noticed a sun demon
  9902 | D:11     | Reached skill level 1 in Dodging
 10022 | D:11     | Noticed a hill giant
 10034 | D:11     | Killed a hill giant
 10131 | D:11     | Found a deep blue altar of Sif Muna.
 10175 | D:11     | Noticed a green ugly thing
 10185 | D:11     | Killed a green ugly thing
 10194 | D:11     | Reached XP level 12. HP: 51/102 MP: 15/15
 10266 | D:11     | Found Baimo's Assorted Antiques.
 10274 | D:11     | Bought a dark potion for 20 gold pieces
 10274 | D:11     | Bought a scroll of identify for 46 gold pieces
 10291 | D:11     | Reached skill level 5 in Fighting
 10424 | D:12     | Reached skill level 5 in Armour
 10687 | D:12     | Reached ****** piety under Makhleb
 10884 | D:12     | Reached skill level 5 in Dodging
 10977 | D:12     | Noticed a seven-headed hydra
 10979 | D:12     | Noticed a balrug
 11100 | D:12     | Killed an eight-headed hydra
 11496 | D:13     | Noticed Urug
 11499 | D:13     | Paralysed by a hornet for 3 turns
 11507 | D:13     | Reached XP level 13. HP: 106/118 MP: 13/13
 11625 | D:13     | Noticed Rupert
 11849 | D:13     | Killed Rupert
 12715 | D:14     | Slain by a freezing wraith

Skill      XL: |  1  2  3  4  5  6  7  8  9 10 11 12 13 |
---------------+----------------------------------------+-----
Axes           | 3 4 5 7 8 10 13 15 16 | 16.0
Invocations    | 9 13 | 13.2
Fighting       | 4 8 9 |  9.8
Dodging        | 3 6 7 |  7.8
Armour         | 4 7 8 |  8.9
Shields        | |  3.2

Action                   |  1- 3 |  4- 6 |  7- 9 | 10-12 | 13-15 || total
-------------------------+-------+-------+-------+-------+-------++-------
Melee: War axe           |   170 |   191 |   350 |   393 |       ||  1104
       Battleaxe         |       |       |       |   620 |   160 ||   780
Invok: Lesser Servant of |       |       |       |     3 |       ||     3
       Minor Destruction |       |       |       |     1 |       ||     1
       Greater Servant o |       |       |       |     3 |       ||     3
 Abil: Device Recharging |       |     1 |     1 |     7 |       ||     9
Evoke: Wand              |     1 |     5 |    30 |    38 |    12 ||    86
  Use: Scroll            |       |    10 |     7 |    16 |     4 ||    37
       Potion            |       |     1 |     1 |     5 |     1 ||     8
 Stab: Distracted        |       |       |       |     6 |       ||     6
  Eat: Chunk             |     2 |     7 |     9 |    20 |    12 ||    50
       Fruit             |       |       |       |       |     4 ||     4
       Bread ration      |       |       |       |       |     1 ||     1
Armor: Scale mail        |    76 |    83 |   130 |   522 |    93 ||   904
Dodge: Dodged            |    45 |    40 |    82 |   366 |   113 ||   646
Block: Shield            |    93 |    97 |   134 |   143 |       ||   467
